[Event "Early-Titled-Tuesday-Blitz-December-26-2023"]
[Site "Chess.com"]
[Date "2023.12.26"]
[Round "1"]
[White "SARGISMV"]
[Black "Alexander_Donchenko"]
[Result "0-1"]
[WhiteElo "2516"]
[BlackElo "2907"]
[TimeControl "180+1"]
[EndTime "8:06:58 PST"]
[Termination "Alexander_Donchenko won by resignation"]

1. d4 Nf6 2. c4 e6 3. Nc3 Bb4 4.
Nf3 b6 5. Bd2 Bb7 6. e3 Bxc3 7.
Bxc3 Ne4 8. Qc2 O-O 9. Bd3 Nxc3 10. Qxc3 f5 11. O-O d6 12. Rfe1 Bxf3 13. gxf3 Nd7 14.
Kh1 Qh4 15. Qd2 e5 16. dxe5 Nxe5 17. Bxf5 Kh8 18. Qd5 Rae8 19. Be4 Qxf2 20. f4 Ng4 21.
Bg2 Rxe3 22. Rxe3 Qxe3 23. Qf3 Qxf3 24. Bxf3 Rxf4 25. Bxg4 Rxg4 26. b3 Kg8 27. Re1 Kf7 28. Re2 a5 29. h3 Rg6 30. Kh2 h6 31. h4 Rg4 32. Kh3 h5 33. Rf2+ Ke6 34. Rd2 g5 35. hxg5 Rxg5 36. Kh4 Re5 37. Rg2 Kd7 38. Rg7+ Kc6 39.
Rg2 Kc5 40. Rf2 Kb4 41. Rf7 Rc5 42. Rf2 Ka3 43. Rg2 a4 44. bxa4 Kxa4 45. Rc2 Kb4 46. Rb2+ Kxc4 47. Rg2 0-1

[Event "Early-Titled-Tuesday-Blitz-December-26-2023"]
[Site "Chess.com"]
[Date "2023.12.26"]
[Round "1"]
[White "Vladimir_Zakhartsov"]
[Black "Slovak_fighter2000"]
[Result "1-0"]
[WhiteElo "2870"]
[BlackElo "2507"]
[TimeControl "180+1"]
[EndTime "8:06:59 PST"]
[Termination "Vladimir_Zakhartsov won by resignation"]

1. e4 e6 2. d4 d5 3. Nd2 c5 4. exd5 Qxd5 5. dxc5 Bxc5 6. Ngf3 Nf6 7. Bc4 Qh5 8. Qe2 O-O 9. Nf1 Bd6 10. Bg5 Nc6 11.
O-O-O Bc7 12. Ng3 Qg4 13. h3 Bf4+ 14. Kb1 Qxg5 15. Nxg5 Bxg5 16. Bb5 Nd5 17. Ne4 Be7 18. Bc4 Nb6 19. Nd6 Nxc4 20. Qxc4 Rd8 21. Nxc8 Raxc8 22. Rxd8+ Rxd8 23. Qe2 Rd5 24. Rd1 Re5 25. Qf3 Bf6 26. c3 Rb5 27. a3 h6 28. Ka2 a5 29.
Qe3 Ne5 30. Qe4 g5 31. a4 Rb6 32. g3 Kg7 33. f4 Nc6 34. Rd7 gxf4 35. gxf4 Kg8 36. Qg2+ Kf8 37. Qf2 Ra6 38. Rxb7 Kg7 39. Qe2 Ra8 40. Qxe6 Nd8 41. Qg4+ Kf8 42. Rb6 Be7 43.
Rxh6 Ke8 44. Rh8+ Bf8 45. Qe2+ 1-0

[Event "Early-Titled-Tuesday-Blitz-December-26-2023"]
[Site "Chess.com"]
[Date "2023.12.26"]
[Round "1"]
[White "Mindhunter08"]
[Black "combidharma"]
[Result "0-1"]
[WhiteElo "2452"]
[BlackElo "2780"]
[TimeControl "180+1"]
[EndTime "8:07:01 PST"]
[Termination "combidharma won by resignation"]

1. e4 c5 2. Nf3 d6 3. Bb5+ Nd7 4. a4 a6 5. Be2 Ngf6 6. Nc3 g6 7. d3 Bg7 8. O-O O-O 9. h3 e5 10.
a5 h6 11. Nd2 b5 12. axb6 Nxb6 13. Nb3 Be6 14. Na5 Qc7 15. f4 exf4 16. Bxf4 Nfd7 17.
Qd2 Kh7 18. Kh1 Ne5 19. b3 Qd7 20. Nc4 Nbxc4 21. bxc4 a5 22. Ra3 a4 23. Rfa1 Bxh3 24. gxh3 Qxh3+ 25. Bh2 f5 26. Bf1 Qh4 27. Qe1 Qh5 28.
Be2 Nf3 29. Qf2 fxe4 30. Nxe4 Be5 31. Bxf3 Rxf3 32. Qe2 Rh3 33. Qxh5 Rxh5 34. Rxa4 Rxh2+ 35. Kg1 Rf8 36. Ra7+ Kg8 37. Ra8 Rxc2 38. Rxf8+ Kxf8 39. Ra8+ Ke7 40. Ra7+ Ke6 41. Rh7 Bd4+ 42. Kf1 h5 43. Ng5+ Kf5 44. Nf7 Be5 45. Nh6+ Kf4 46. Rf7+ Ke3 0-1

[Event "Early-Titled-Tuesday-Blitz-December-26-2023"]
[Site "Chess.com"]
[Date "2023.12.26"]
[Round "1"]
[White "Virgo15"]
[Black "WindWhistler11"]
[Result "1-0"]
[WhiteElo "2764"]
[BlackElo "2448"]
[TimeControl "180+1"]
[EndTime "8:07:02 PST"]
[Termination "Virgo15 won on time"]

1. d4 e6 2. Bf4 Nf6 3. e3 b6 4.
Qf3 Nc6 5. Nc3 Bb7 6. O-O-O d5 7. g4 a6 8. g5 Nd7 9. h4 Bd6 10. h5 Qe7 11. Bxd6 cxd6 12. g6 fxg6 13. hxg6 h6 14. Bh3 O-O-O 15. Nge2 Rdf8 16. Nf4 Rf6 17. Qg4 Nd8 18. Kb1 Kb8 19. Rhg1 Rhf8 20. a4 Bc8 21.
Qg3 Ka7 22. Rd2 Nb8 23. Bg4 Qb7 24. Qh3 Rxf4 25. exf4 Rxf4 26. Rd3 Rf6 27. Qh5 Nbc6 28. Rgd1 Rxf2 29. Rf3 Rxf3 30. Bxf3 Ne7 31. Bg4 Ng8 32. Rf1 Qe7 33. Nxd5 Qb7 34. Rf7 Bd7 35. Rxg7 Ka8 36.
Rxg8 1-0

[Event "Early-Titled-Tuesday-Blitz-December-26-2023"]
[Site "Chess.com"]
[Date "2023.12.26"]
[Round "1"]
[White "Lion-Al-Messi"]
[Black "Barbix1"]
[Result "1-0"]
[WhiteElo "2624"]
[BlackElo "2287"]
[TimeControl "180+1"]
[EndTime "8:07:02 PST"]
[Termination "Lion-Al-Messi won by checkmate"]

1. e4 c5 2. Nf3 g6 3. d4 cxd4 4. Qxd4 Nf6 5. e5 Nc6 6. Qa4 Nd5 7. Qe4 Nb6 8. Nc3 Bg7 9. Bf4 d5 10. exd6 Bf5 11. dxe7 Qd7 12. Qe2 Nb4 13. Ne4 Bxe4 14. Qxe4 Bxb2 15. Rd1 Bc3+ 16. Bd2 Bxd2+ 17. Rxd2 Qxe7 18.
Bb5+ Kf8 19. Qxe7+ Kxe7 20. O-O Rhd8 21. Re2+ Kf8 22.
c3 N4d5 23. Rc1 a6 24. c4 Nf4 25. Re4 Nd3 26. Rb1 axb5 27. Rxb5 Nd7 28. h4 N7c5 29. Re2 Ra3 30. Ng5 h6 31. Nh3 Rc3 32. h5 Rxc4 33. hxg6 fxg6 34. Rb6 Kg7 35. Re7+ Kf8 36. Rh7 Rc1+ 37. Kh2 Ne5 38. f4 Nf7 39. Rxg6 Ne4 40. Re6 Rd7 41. Rxe4 Rc2 42. f5 Rdd2 43. Nf4 Nd6 44.
Ree7 Nxf5 45. Ng6+ Kg8 46. Rh8# 1-0

[Event "Early-Titled-Tuesday-Blitz-December-26-2023"]
[Site "Chess.com"]
[Date "2023.12.26"]
[Round "1"]
[White "laskakid"]
[Black "IlanSchnaider"]
[Result "0-1"]
[WhiteElo "2376"]
[BlackElo "2691"]
[TimeControl "180+1"]
[EndTime "8:07:06 PST"]
[Termination "IlanSchnaider won by resignation"]

1. d4 Nf6 2. c4 g6 3. Nc3 d5 4. Nf3 Bg7 5. Bg5 Ne4 6. Bf4 Nxc3 7. bxc3 dxc4 8. e3 O-O 9. Bxc4 c5 10. O-O Nc6 11. Qe2 Qa5 12. Rac1 cxd4 13. cxd4 Bg4 14. h3 Bxf3 15. Qxf3 Rac8 16. Qe2 e5 17. dxe5 Nxe5 18. Bb3 Nc6 19. Rfd1 Rcd8 20. Qf3 Qf5 21. Bd5 Nb4 22. Bb3 Nc6 23. Bd5 Nb4 24. Bb3 Rxd1+ 25. Rxd1 Nc6 26. Bd6 Qxf3 27. gxf3 Rd8 28. Bc5 Rxd1+ 29. Bxd1 Bf8 30. Bxf8 Kxf8 31. Kf1 Ke7 32. Ke2 Kd6 33. Kd3 Kc5 34. Bb3 a5 35. Bxf7 Ne5+ 36.
Ke4 Nxf7 37. f4 b5 38. f5 gxf5+ 39. Kxf5 b4 40. e4 a4 41. Kf6 b3 42. axb3 axb3 43.
Kxf7 b2 44. e5 b1=Q 45. e6 Qf5+ 46. Ke7 Kd5 47. Kd7 Qxe6+ 0-1

[Event "Early-Titled-Tuesday-Blitz-December-26-2023"]
[Site "Chess.com"]
[Date "2023.12.26"]
[Round "1"]
[White "pirulillo"]
[Black "enestnrvrd"]
[Result "0-1"]
[WhiteElo "2264"]
[BlackElo "2614"]
[TimeControl "180+1"]
[EndTime "8:07:06 PST"]
[Termination "enestnrvrd won by resignation"]

1. e4 c5 2. Nf3 d6 3. d4 cxd4 4. Nxd4 Nf6 5. Nc3 a6 6. Be2 e5 7. Nb3 Be7 8. Be3 Be6 9. Nd5 Bxd5 10. exd5 Nbd7 11. c4 O-O 12. O-O Rc8 13. f3 Nh5 14.
Qd2 f5 15. Rfd1 Bf6 16. Na5 Rb8 17. Rac1 Nf4 18. Bf1 g5 19. b4 Ng6 20. c5 e4 21.
c6 f4 22. Bd4 e3 23. Qb2 bxc6 24. Nxc6 Bxd4 25. Qxd4 Qf6 26. Nxb8 Rxb8 27. Bxa6 Nde5 28. Be2 h5 29. Qa7 Rf8 30. b5 g4 31. b6 Nh4 32. b7 gxf3 33. b8=Q fxe2 34. Re1 f3 35.
Qxf8+ Qxf8 36. Qxe3 fxg2 37. Qg5+ Neg6 38. Qxh5 Nf3+ 39. Kf2 Nxe1+ 40. Kxe1 g1=Q+ 41. Kd2 Qxc1+ 42. Kxc1 e1=Q+ 0-1

[Event "Early-Titled-Tuesday-Blitz-December-26-2023"]
[Site "Chess.com"]
[Date "2023.12.26"]
[Round "1"]
[White "snowlord"]
[Black "Rakitic2010"]
[Result "1-0"]
[WhiteElo "2933"]
[BlackElo "2520"]
[TimeControl "180+1"]
[EndTime "8:07:09 PST"]
[Termination "snowlord won on time"]

1. Nf3 Nf6 2. g3 g6 3. d3 Bg7 4. Bg2 O-O 5. O-O d5 6. Bf4 c6 7. c4 Bf5 8. Qb3 Nbd7 9. Qxb7 Nh5 10. Bc1 e5 11. Qxc6 e4 12. Nh4 Be6 13. cxd5 Rc8 14.
Qd6 Be5 15. Qa3 Bxd5 16. Nc3 Bc6 17. Nxe4 f5 18. Ng5 Bxg2 19. Kxg2 Qf6 20. Nhf3 f4 21. Qb3+ Kh8 22. Qe6 fxg3 23. Qxd7 Rc7 24. Qe6 Qg7 25. Qxe5 Qxe5 26. Nxe5 Rc2 27. hxg3 Rxe2 28. Be3 Rxb2 29. Rab1 Rxa2 30. Rb7 Nf6 31. Nef7+ Kg7 32. Bd4 1-0

[Event "Early-Titled-Tuesday-Blitz-December-26-2023"]
[Site "Chess.com"]
[Date "2023.12.26"]
[Round "1"]
[White "ural58"]
[Black "NovozhilovSemen"]
[Result "1-0"]
[WhiteElo "2477"]
[BlackElo "2766"]
[TimeControl "180+1"]
[EndTime "8:07:10 PST"]
[Termination "ural58 won by resignation"]

1. e4 c5 2. b3 g6 3. Bb2 Nf6 4.
e5 Nd5 5. Nc3 Nxc3 6. Bxc3 Bg7 7. h4 h6 8. f4 d6 9. h5 g5 10. fxg5 hxg5 11. e6 Bxc3 12. exf7+ Kf8 13. dxc3 e5 14. Bc4 Nc6 15. Nh3 g4 16. Nf2 Ne7 17.
Nxg4 Bxg4 18. Qxg4 d5 19. O-O-O Qd6 20. Kb1 a6 21. h6 Kxf7 22. Bxd5+ Nxd5 23. Qf3+ Ke6 24. c4 Raf8 25. Qh3+ Rf5 26. Rxd5 Qf8 27. Rhd1 Kf6 28. Rd7 Kg5 29. g4 Rf3 30. Qh5+ Kf4 31. Rf7+ Qxf7 32. Qxf7+ Ke4 33. Qd5+ Kf4 34. g5 Rg3 35. Rf1+ Kxg5 36. Qxe5+ Kh4 37. Qxh8 Rg1 38. Rxg1 1-0

[Event "Early-Titled-Tuesday-Blitz-December-26-2023"]
[Site "Chess.com"]
[Date "2023.12.26"]
[Round "1"]
[White "ahkashefi2800"]
[Black "stratacticos"]
[Result "1-0"]
[WhiteElo "2551"]
[BlackElo "1854"]
[TimeControl "180+1"]
[EndTime "8:07:11 PST"]
[Termination "ahkashefi2800 won on time"]

1. d4 Nf6 2. Nf3 g6 3. g3 Bg7 4. Bg2 O-O 5. O-O d5 6. b3 c5 7.
Bb2 Ne4 8. e3 Nc6 9. c3 cxd4 10.
cxd4 Bg4 11. Nbd2 Qd7 12. a3 Nxd2 13. Qxd2 Bh3 14. Rac1 Bxg2 15. Kxg2 Rac8 16. h4 Rc7 17. h5 Rfc8 18. hxg6 hxg6 19. Rh1 Qf5 20. Rc5 b6 21. Rc3 Na5 22. Rhc1 Rxc3 23. Rxc3 Rxc3 24. Qxc3 Qd7 25. Nd2 Nc6 26. b4 e5 27. dxe5 Bxe5 28. Qb3 Bxb2 29. Qxb2 d4 30. Ne4 Qd5 31. f3 Kg7 32. b5 Ne5 33. Qxd4 Qa2+ 34. Nf2 f6 35. a4 Qe2 36. Qe4 Kh6 37. Qa8 1-0

[Event "Early-Titled-Tuesday-Blitz-December-26-2023"]
[Site "Chess.com"]
[Date "2023.12.26"]
[Round "1"]
[White "Ergali_Suleimen"]
[Black "Angry_Twin"]
[Result "0-1"]
[WhiteElo "2523"]
[BlackElo "2960"]
[TimeControl "180+1"]
[EndTime "8:07:12 PST"]
[Termination "Angry_Twin won on time"]

1. e4 c5 2. Nf3 d6 3. d4 cxd4 4. Nxd4 Nf6 5. Nc3 a6 6. Be3 e5 7. Nb3 Be6 8. h3 Nbd7 9. g4 Rc8 10. Qd2 h6 11. O-O-O b5 12. Kb1 Be7 13. f4 Rxc3 14.
Qxc3 Nxe4 15. Qd3 Ng3 16. Bb6 Qxb6 17. Qxg3 O-O 18. f5 Bc4 19. h4 Rc8 20. g5 h5 21.
f6 Bf8 22. Nd2 Be6 23. Be2 g6 24. Rhe1 d5 25. Nf3 Bd6 26. Qg1 Qc7 27. Rc1 d4 28.
Nd2 Nc5 29. Nb3 Na4 30. Bd3 Nxb2 31. Nxd4 exd4 32. Rxe6 Nxd3 33. Rxd6 Nxc1 34. Qxd4 Ne2 35. Qd2 Nc3+ 36. Kb2 Ne4 37. Rd7 Nxd2 0-1

[Event "Early-Titled-Tuesday-Blitz-December-26-2023"]
[Site "Chess.com"]
[Date "2023.12.26"]
[Round "1"]
[White "Witty_Alien"]
[Black "Evgeny81"]
[Result "0-1"]
[WhiteElo "2445"]
[BlackElo "2759"]
[TimeControl "180+1"]
[EndTime "8:07:13 PST"]
[Termination "Evgeny81 won on time"]

1. e4 e5 2. d4 exd4 3. c3 dxc3 4.
Bc4 Nf6 5. Nxc3 Nc6 6. Nf3 d6 7.
O-O Be7 8. b3 O-O 9. Bb2 Bg4 10.
h3 Bxf3 11. Qxf3 Ne5 12. Qg3 Nxc4 13. bxc4 Kh8 14. Nd5 Rg8 15. Rae1 Nxd5 16. cxd5 Bf6 17. Bxf6 Qxf6 18. f4 Qd4+ 19. Kh1 Rae8 20. Qf3 Re7 21. e5 Rge8 22. Rd1 Qc4 23. Rfe1 Qxa2 24. f5 Rxe5 25. Rxe5 Rxe5 26. f6 Qe2 27. fxg7+ Kg8 28. Qb3 b6 29.
Kh2 Re3 30. Qa4 b5 31. Qa1 b4 32. Rd4 Ra3 33. Qc1 Qe5+ 34. Rf4 Rc3 35. Qf1 b3 36. Kh1 b2 37. Rxf7 Rc1 38. Rf8+ Kxg7 39. Rf7+ Kg6 40. Qxc1 bxc1=Q+ 0-1

[Event "Early-Titled-Tuesday-Blitz-December-26-2023"]
[Site "Chess.com"]
[Date "2023.12.26"]
[Round "1"]
[White "Kirill_Klukin"]
[Black "FunnyDuck66"]
[Result "1-0"]
[WhiteElo "2832"]
[BlackElo "2486"]
[TimeControl "180+1"]
[EndTime "8:07:16 PST"]
[Termination "Kirill_Klukin won on time"]

1. c4 e6 2. Nc3 Bb4 3. d4 Nf6 4. e3 c5 5. Bd2 O-O 6. Nf3 cxd4 7. Nxd4 d5 8. a3 Be7 9. cxd5 Nxd5 10. Be2 Nc6 11. Nxc6 bxc6 12. O-O Bf6 13. Qc2 Rb8 14.
Rfd1 Bd7 15. e4 Nb6 16. Bf4 e5 17. Be3 Qe7 18. b4 Rfd8 19. Rac1 Bg5 20. Bc5 Qf6 21. Rb1 Be6 22. a4 Nc4 23. Bxc4 Bxc4 24. Bxa7 Ra8 25.
Bb6 Rdb8 26. a5 Qe6 27. Na4 Be7 28. Nc5 Bxc5 29. Bxc5 Bb5 30. Rd6 Qg4 31. Rbd1 h5 32. h3 Qg5 33. Be3 Qh4 34. Kh2 Rd8 35. Qd2 Rxd6 36.
Qxd6 Re8 37. a6 Bxa6 38. Qxc6 1-0

[Event "Early-Titled-Tuesday-Blitz-December-26-2023"]
[Site "Chess.com"]
[Date "2023.12.26"]
[Round "1"]
[White "Kimster98"]
[Black "Viktor_Poddubnyi"]
[Result "1-0"]
[WhiteElo "2682"]
[BlackElo "2362"]
[TimeControl "180+1"]
[EndTime "8:07:16 PST"]
[Termination "Kimster98 won on time"]

1. b3 Nf6 2. Bb2 e6 3. g3 Be7 4.
Bg2 O-O 5. Nf3 d5 6. O-O c5 7. c4 Nc6 8. cxd5 Nxd5 9. d4 Bf6 10.
Na3 b6 11. Nc4 Bb7 12. dxc5 Bxb2 13. Nxb2 bxc5 14. Qc1 Qe7 15. Na4 Ba6 16. Qxc5 Qxc5 17. Nxc5 Bxe2 18. Rfe1 Bxf3 19. Bxf3 Nd4 20. Bxd5 exd5 21.
Red1 Rfc8 22. b4 Nc2 23. Rac1 Nxb4 24. a3 Nc6 25. Rxd5 Na5 26. Nd3 Rxc1+ 27. Nxc1 Nc4 28. a4 Kf8 29. Nd3 Nb6 30. Rd4 a5 31. Ne5 Rc8 32.
Kg2 f6 33. Nd3 Rc4 34. Rxc4 Nxc4 35. Kf3 Ke7 36. Ke4 Kd6 37. Kd4 Nb6 38. Nc5 h5 39. h4 g5 40. hxg5 fxg5 41. Ne4+ Ke7 42. Nxg5 Nxa4 43. Nh3 1-0

[Event "Early-Titled-Tuesday-Blitz-December-26-2023"]
[Site "Chess.com"]
[Date "2023.12.26"]
[Round "1"]
[White "semchik73"]
[Black "Druid24"]
[Result "0-1"]
[WhiteElo "2384"]
[BlackElo "2693"]
[TimeControl "180+1"]
[EndTime "8:07:25 PST"]
[Termination "Druid24 won by resignation"]

1. Nf3 d5 2. c4 d4 3. e3 c5 4. b4 Nc6 5. b5 Na5 6. exd4 cxd4 7. Bb2 d3 8. Qa4 Nf6 9. b6+ Nc6 10. bxa7 Rxa7 11. Qb3 Bf5 12. Nh4 Be4 13. f3 Nd4 14.
Bxd4 Qxd4 15. Nc3 Bc6 16. Nf5 Qd7 17. Ne3 e6 18. Nb5 Bxb5 19. cxb5 Ra3 20. Qb2 Ra4 21. Qb3 Ra3 22. Qb2 Bc5 23. Nc4 Ra4 24. Rc1 O-O 25. Qb3 Rfa8 26. Qxd3 Qxb5 27. Ne5 Qb6 28. Rb1 Qc7 29. Ng4 Nxg4 30. fxg4 Rxa2 31. Be2 b6 32. Rc1 Rd8 33. Qb3 Rdxd2 34. Qf3 Rxe2+ 35.
Qxe2 Rxe2+ 36. Kxe2 Qe5+ 37. Kd2 Be3+ 38. Kd3 Bxc1 39.
Rxc1 Qd5+ 40. Ke2 g6 41. Rc3 Qe5+ 42. Re3 Qxe3+ 43. Kxe3 Kg7 44. g5 h6 45. h3 hxg5 46.
Kd4 Kf6 0-1

[Event "Early-Titled-Tuesday-Blitz-December-26-2023"]
[Site "Chess.com"]
[Date "2023.12.26"]
[Round "1"]
[White "bazar-wokzal"]
[Black "nitpicker"]
[Result "1-0"]
[WhiteElo "2635"]
[BlackElo "2302"]
[TimeControl "180+1"]
[EndTime "8:07:25 PST"]
[Termination "bazar-wokzal won on time"]

1. e4 c5 2. c3 d5 3. exd5 Qxd5 4. d4 Nf6 5. Nf3 Nc6 6. Be3 Bg4 7. dxc5 Qxd1+ 8. Kxd1 e6 9. Bb5 O-O-O+ 10. Kc1 Bxf3 11. gxf3 Ne5 12. Be2 Nd5 13. b4 a5 14. a3 Be7 15. Rd1 Bh4 16. Ra2 Kb8 17. Rad2 Rc8 18.
c4 Nxe3 19. fxe3 Bf2 20. f4 Nc6 21. b5 Ne7 22. Rd3 Nf5 23. Kd2 Rxc5 24. Bg4 Bh4 25.
Bxf5 exf5 26. Kc3 Rhc8 27. Nd2 Bf6+ 28. Kb3 a4+ 29. Kxa4 b6 30. Rd7 R8c7 31. Rxc7 Kxc7 32. Kb4 Be7 33. Kb3 Kb7 34. Nf3 Rc7 35. Ne5 Bc5 36.
Rd3 Re7 37. a4 f6 38. Rd7+ Rxd7 39. Nxd7 Bxe3 40. a5 bxa5 41. c5 Bxf4 42. Kc4 Bxh2 43. c6+ Kc7 44. Kd5 Bg1 45. Nf8 h5 46. Ne6+ 1-0

[Event "Early-Titled-Tuesday-Blitz-December-26-2023"]
[Site "Chess.com"]
[Date "2023.12.26"]
[Round "1"]
[White "ozates"]
[Black "Karina_Ivanova"]
[Result "1/2-1/2"]
[WhiteElo "2604"]
[BlackElo "2267"]
[TimeControl "180+1"]
[EndTime "8:07:27 PST"]
[Termination "Game drawn by repetition"]

1. d4 Nf6 2. Bg5 d5 3. Bxf6 exf6 4.
e3 Bd6 5. g3 c6 6. Bg2 O-O 7.
Ne2 f5 8. O-O Be6 9. Nd2 Nd7 10.
Rc1 Nf6 11. c4 Ne4 12. cxd5 cxd5 13. Nc3 Rc8 14. f3 Nxc3 15. Rxc3 Rxc3 16. bxc3 Qa5 17.
Qb3 b5 18. f4 b4 19. cxb4 Bxb4 20. Nf3 f6 21. Rb1 Bd6 22. Nh4 Rb8 23. Qc2 Rxb1+ 24. Qxb1 g6 25. h3 Qb4 26. Qc2 Qe1+ 27. Kh2 Qxe3 28. Qc6 Bb4 29. Qe8+ Kg7 30. Bxd5 Qf2+ 31. Bg2 Bf7 32. Qc6 Be1 33. Qf3 Qxf3 34. Nxf3 Bb4 35.
a4 Bb3 36. g4 fxg4 37. hxg4 Bxa4 38. d5 Bd6 39. Nd4 Bxf4+ 40. Kh3 Bd7 41. Kh4 g5+ 42. Kh3 h5 43. Bf3 hxg4+ 44. Bxg4 Bxg4+ 45. Kxg4 Kf7 46. Kf5 Be5 47. Nc6 a6 48. Na5 Ke7 49. Nc4 Kd7 50.
Ke4 Kc7 51. Kf5 Kd7 52. Na5 Kc7 53. Nc4 Kd7 1/2-1/2

[Event "Early-Titled-Tuesday-Blitz-December-26-2023"]
[Site "Chess.com"]
[Date "2023.12.26"]
[Round "1"]
[White "maurovargas01"]
[Black "malakismayil"]
[Result "0-1"]
[WhiteElo "1879"]
[BlackElo "2552"]
[TimeControl "180+1"]
[EndTime "8:07:29 PST"]
[Termination "malakismayil won on time"]

1. e4 e5 2. Nf3 Nc6 3. Bc4 Bc5 4.
O-O Nf6 5. d4 Bxd4 6. Nxd4 Nxd4 7.
Bg5 d6 8. f4 Qe7 9. Nc3 Be6 10.
Bd3 h6 11. Bh4 exf4 12. Nd5 Bxd5 13. exd5 Qd7 14. Re1+ Kd8 15. c3 Nf5 16. Bf2 Nxd5 17. Qb3 Nb6 18. Qc2 Ne7 19. Bd4 f6 20. Rad1 Re8 21. b3 Kc8 22. Re2 c5 23. Bf2 Kc7 24. a4 Nc6 25. Rde1 Rxe2 26. Rxe2 Re8 27. Rd2 Nd5 28. Bf5 Qf7 29. c4 Ne3 30. Bxe3 Rxe3 31. Qd1 Nd4 32. Rxd4 cxd4 33. Qxd4 Qe7 34. h3 Re1+ 35.
Kh2 Qe3 0-1

[Event "Early-Titled-Tuesday-Blitz-December-26-2023"]
[Site "Chess.com"]
[Date "2023.12.26"]
[Round "1"]
[White "isaak2009"]
[Black "elchacal664"]
[Result "1-0"]
[WhiteElo "2621"]
[BlackElo "2283"]
[TimeControl "180+1"]
[EndTime "8:07:30 PST"]
[Termination "isaak2009 won by checkmate"]

1. e4 c5 2. Nf3 e6 3. d3 d5 4. Nbd2 Nc6 5. g3 b5 6. Bg2 Rb8 7. O-O Nf6 8. Re1 Be7 9. Qe2 O-O 10. Nf1 dxe4 11. dxe4 Nd4 12. Nxd4 cxd4 13. Bf4 Rb6 14.
Rad1 Bc5 15. c3 d3 16. Rxd3 Qe8 17. Be3 Bxe3 18. Qxe3 b4 19. c4 Bb7 20. b3 Qc6 21. f3 Nd7 22. Red1 Ne5 23. Rd8 Qc7 24. Rxf8+ Kxf8 25. Qd4 Ke7 26. Ne3 Rd6 27. Qxa7 Rxd1+ 28. Nxd1 Qd7 29. Qc5+ Ke8 30. Nf2 Nd3 31. Nxd3 Qxd3 32. Bf1 Qxf3 33. Qb5+ Kd8 34. Qxb7 Qe3+ 35. Kg2 Qd2+ 36.
Kf3 Qc3+ 37. Ke2 Qc2+ 38. Ke3 Qc3+ 39. Bd3 Qe1+ 40. Be2 Qc3+ 41. Kf2 Qd4+ 42. Kf1 Qa1+ 43. Kg2 Qxa2 44. Qb6+ Ke8 45. Qb5+ Kd8 46. Qb6+ Ke8 47. Qe3 Qb2 48. Qd3 e5 49. c5 Qc3 50. Qxc3 bxc3 51.
Bd3 Kd7 52. b4 Kc6 53. Kf3 g6 54. Bc2 f5 55. exf5 gxf5 56. Bxf5 e4+ 57. Bxe4+ Kb5 58.
Bd3+ Kxb4 59. c6 c2 60. Bxc2 Kc3 61. Be4 Kd2 62. c7 Ke1 63. c8=Q Kf1 64. Qc1# 1-0

[Event "Early-Titled-Tuesday-Blitz-December-26-2023"]
[Site "Chess.com"]
[Date "2023.12.26"]
[Round "1"]
[White "Drags95"]
[Black "DeyanKostov"]
[Result "1-0"]
[WhiteElo "2792"]
[BlackElo "2469"]
[TimeControl "180+1"]
[EndTime "8:07:33 PST"]
[Termination "Drags95 won by resignation"]

1. d4 d5 2. c4 dxc4 3. e3 Nf6 4. Bxc4 e6 5. Nf3 a6 6. O-O c5 7. Nbd2 Nc6 8. dxc5 Bxc5 9. b3 O-O 10. Bb2 Qe7 11. Rc1 e5 12. Ng5 h6 13. Nge4 Nxe4 14. Nxe4 Ba7 15. Qd6 Bf5 16. Qxe7 Nxe7 17. Nd6 b5 18. Nxf5 Nxf5 19. Bd3 Nxe3 20. fxe3 Bxe3+ 21. Kh1 Bxc1 22. Rxc1 Rac8 23. Re1 f6 24. Bf5 Rcd8 25.
Bc3 Rfe8 26. h4 Rd6 27. h5 Rb8 28. a3 Rc6 29. Bb4 Rd8 30. Kh2 Rd4 31. Kh3 Rc7 32. g4 Kf7 33. Kg3 Rc6 34. Kf3 Rc7 35. Ke3 Rc6 36.
Rf1 Ke8 37. Rf2 Rc1 38. Rd2 Re1+ 39. Kf2 Rxd2+ 40. Bxd2 Ra1 41. Bb4 a5 42. Bc5 Ra2+ 43. Ke3 Rb2 44. b4 a4 45. Bd3 Rb3 46. Ke4 Rxa3 47.
Bxb5+ Kf7 48. Bc4+ Ke8 49. Kd5 Rg3 50. b5 Kd8 51. b6 Kc8 52. Ba6+ Kd7 53. Bb5+ Kc8 54. Bxa4 Rd3+ 55. Kc6 e4 56. b7+ Kb8 57. Bd6+ Rxd6+ 58. Kxd6 Kxb7 59. Ke6 e3 60. Bd1 Kc6 61. Kf7 Kd5 62.
Kxg7 Ke5 63. Kxh6 1-0

[Event "Early-Titled-Tuesday-Blitz-December-26-2023"]
[Site "Chess.com"]
[Date "2023.12.26"]
[Round "1"]
[White "ukchessbomber"]
[Black "Sofia_Blokhin"]
[Result "1-0"]
[WhiteElo "2654"]
[BlackElo "2327"]
[TimeControl "180+1"]
[EndTime "8:07:34 PST"]
[Termination "ukchessbomber won on time"]

1. h3 d5 2. d3 Nf6 3. a3 e6 4. Nf3 Be7 5. g3 O-O 6. Bg2 c5 7.
Nc3 Nc6 8. O-O d4 9. Nb1 e5 10. e4 Ne8 11. Nbd2 Be6 12. Nc4 Qc7 13. a4 a6 14. a5 Bxc4 15. dxc4 f5 16. exf5 Rxf5 17. Re1 Nd6 18. g4 Rf7 19. Nxe5 Nxe5 20. Rxe5 Nxc4 21. Re2 Rd8 22. Qe1 Qd6 23. Ra4 b5 24. axb6 Nxb6 25. Rxa6 Bh4 26. Bd2 Rdf8 27. Re8 Bxf2+ 28. Qxf2 Rxf2 29.
Rxf8+ Rxf8 30. c4 Qc7 31. Be1 Rb8 32. b3 Qf4 33. Ba5 Qe3+ 34. Kh1 Qc1+ 35. Kh2 Nd7 36. Ra7 Nf6 37. Bc7 Qb2 38. Bxb8 Ne4 39. Kh1 Ng3+ 40. Bxg3 1-0

[Event "Early-Titled-Tuesday-Blitz-December-26-2023"]
[Site "Chess.com"]
[Date "2023.12.26"]
[Round "1"]
[White "Journey_to_GrandMaster_YT"]
[Black "BogdanDeac"]
[Result "0-1"]
[WhiteElo "2535"]
[BlackElo "3002"]
[TimeControl "180+1"]
[EndTime "8:07:41 PST"]
[Termination "BogdanDeac won by checkmate"]

1. d4 Nf6 2. Nf3 g6 3. g3 b5 4. a4 b4 5. c4 bxc3 6. Nxc3 Bb7 7. Bg2 a5 8. Qb3 Bxf3 9. Bxf3 c6 10. e4 e6 11. e5 Nd5 12. O-O Na6 13. Ne4 Qb8 14. Qd1 h6 15. h4 Qb6 16. h5 g5 17. Be3 Nab4 18. Nf6+ Nxf6 19. d5 Bc5 20.
Bxc5 Qxc5 21. Rc1 Qb6 22. dxe6 Nfd5 23. exf7+ Kxf7 24. Be4 Ke7 25. Qg4 Rhf8 26. Bf5 Ra7 27. e6 d6 28. Qe4 Nf6 29. Qe2 Nbd5 30. Rfe1 Rc7 31. Bd3 Kd8 32. Bc4 Re7 33. Red1 g4 34. Qd2 Rxe6 35. Bxd5 Nxd5 36. Rc2 Ref6 37. Rf1 Rf3 38.
Kg2 R8f6 39. Kh2 Ne3 40. fxe3 Rxf1 41. Qd3 R1f2+ 42. Rxf2 Rxf2+ 43. Kg1 Rf6 44. Qh7 Qxe3+ 45. Kh1 Qf3+ 46. Kg1 Qf2+ 47. Kh1 Qf1+ 48. Kh2 Rf2# 0-1

[Event "Early-Titled-Tuesday-Blitz-December-26-2023"]
[Site "Chess.com"]
[Date "2023.12.26"]
[Round "1"]
[White "Hoshka"]
[Black "Russian_berezka"]
[Result "0-1"]
[WhiteElo "2022"]
[BlackElo "2558"]
[TimeControl "180+1"]
[EndTime "8:07:41 PST"]
[Termination "Russian_berezka won on time"]

1. d4 Nf6 2. c4 e6 3. g3 d5 4. Bg2 Be7 5. Nf3 O-O 6. O-O b6 7. cxd5 exd5 8. Nc3 Bb7 9. Qb3 Nbd7 10. Ne5 c6 11. Bf4 Re8 12. Rac1 Nxe5 13. Bxe5 Nd7 14. Bf4 Nf6 15. Rfe1 Bd6 16. Bg5 h6 17. Bxf6 Qxf6 18. e4 dxe4 19. Nxe4 Qg6 20. Nxd6 Qxd6 21. Red1 Red8 22.
Rc3 Rac8 23. h4 Rc7 24. Rdc1 Qxd4 25. Bxc6 Bxc6 26. Rxc6 Rxc6 27. Rxc6 Qd1+ 28. Qxd1 Rxd1+ 29. Kg2 Rd2 30. Rc8+ Kh7 31. Rc7 a5 32. Rxf7 Rxb2 33.
a4 Rb4 34. Rb7 Kg6 35. Kf3 Kf6 36. g4 g6 37. Kg3 Ke5 38. Rh7 Rxa4 39. Rxh6 b5 40.
Rxg6 b4 41. Rb6 Ra1 42. h5 Kd5 43. h6 Kc5 44. Rb8 Rh1 45. g5 a4 46. Kg2 Rh5 47.
f4 a3 0-1

[Event "Early-Titled-Tuesday-Blitz-December-26-2023"]
[Site "Chess.com"]
[Date "2023.12.26"]
[Round "1"]
[White "TheFireChess"]
[Black "frederiksvane"]
[Result "0-1"]
[WhiteElo "2523"]
[BlackElo "2942"]
[TimeControl "180+1"]
[EndTime "8:07:42 PST"]
[Termination "frederiksvane won on time"]

1. Nf3 c5 2. b3 d6 3. Bb2 e5 4. e3 Nf6 5. d4 cxd4 6. exd4 e4 7. Nfd2 d5 8. c4 Nc6 9. cxd5 Qxd5 10.
Bc4 Qg5 11. O-O Bh3 12. g3 Bxf1 13. Nxf1 Rd8 14. Ne3 Bc5 15. Bb5 O-O 16. Bxc6 bxc6 17. Na3 Bxd4 18. Bxd4 c5 19. h4 Qg6 20. Nac2 cxd4 21. Nxd4 Nd5 22. Qd2 Qf6 23. Rd1 Nxe3 24. fxe3 Qe5 25. Qf2 g6 26. Kg2 Rc8 27. Rh1 h5 28. Rd1 Rc3 29. Qd2 Rfc8 30. Qe2 Rc1 31. Rxc1 Rxc1 32. Qd2 Qc5 33. Qf2 Kg7 34. Qf4 Ra1 35.
Qxe4 Rxa2+ 36. Kf3 Qd6 37. Qb7 Qf6+ 38. Ke4 a5 39.
Kd3 Qf1+ 40. Ke4 Qf6 41. Kd3 Ra1 42. Qa7 Ra3 43. Ke4 Ra2 44. Kd3 Rg2 45. Qc7 Rf2 46. Qb7 Qe5 0-1